 Dungeon Crawl Stone Soup version 0.29-a0-317-gd16b76e6b1 (webtiles) character file.

Game seed: 3154434001403686522

3108 kae the Arsonist (level 9, -2/52 HPs)
             Began as a Tengu Fire Elementalist on Mar 30, 2022.
             Was a Follower of Vehumet.
             Splashed by a jelly's acid (5 damage)
             ... on level 7 of the Dungeon.
             The game lasted 00:05:49 (9043 turns).

kae the Arsonist (Tengu Fire Elementalist)          Turns: 9043, Time: 00:05:50

Health: -2/52      AC:  0    Str:  8    XL:     9   Next: 90%
Magic:  14/17      EV: 19    Int: 19    God:    Vehumet [*.....]
Gold:   238        SH:  0    Dex: 22    Spells: 8/17 levels left

rFire   + . .      SeeInvis .   g - staff of fire
rCold   . . .      Faith    .   (no shield)
rNeg    + . .      Spirit   .   o - +0 steam dragon scales
rPois   .          Reflect  .   (helmet restricted)
rElec   .          Harm     .   k - +0 cloak
rCorr   .          Rampage  .   (no gloves)
Will    .....                   (boots unavailable)
Stlth   ++........              (no amulet)
HPRegen 0.17/turn               h - +6 ring of dexterity
MPRegen 0.15/turn               n - ring of positive energy

@: corroded, flying quickly and evasively, quick
A: beak, talons 3, nimble flight
a: Renounce Religion


You were on level 7 of the Dungeon.
You worshipped Vehumet.
Vehumet was aware of your devotion.
You visited 2 branches of the dungeon, and saw 8 of its levels.

You collected 334 gold pieces.
You spent 96 gold pieces at shops.

Inventory:

Hand Weapons
 c - a +2 dagger of draining
Armour
 a - a +1 robe
 k - a +0 cloak (worn)
 o - +0 steam dragon scales (worn)
Magical Staves
 g - a staff of fire (weapon)
Jewellery
 h - a +6 ring of dexterity (left hand)
 n - a ring of positive energy (right hand)
Scrolls
 d - a scroll of noise
 e - a scroll of magic mapping
 j - a scroll of silence
 m - 2 scrolls of teleportation
 p - a scroll of summoning
 q - 2 scrolls of fear
Potions
 b - 3 potions of magic
 f - a potion of brilliance {unknown}
 i - 2 potions of cancellation
 l - a potion of mutation
 r - 2 potions of attraction
 s - 2 potions of might {unknown}


   Skills:
 + Level 4.6 Fighting
 + Level 5.0 Armour
 + Level 5.7 Dodging
 - Level 2.0 Stealth
 + Level 4.7 Spellcasting
 + Level 6.2 Conjurations
 * Level 8.4 Fire Magic
 + Level 3.7 Evocations


You had 8 spell levels left.
You knew the following spells:

 Your Spells              Type           Power      Damage    Failure   Level
a - Foxfire               Conj/Fire      100%       2x1d9     1%          1
b - Scorch                Fire           100%       2d10      1%          2
c - Conjure Flame         Conj/Fire      48%        6-21      1%          3
d - Inner Flame           Hex/Fire       30%        N/A       7%          3

Your spell library contained the following spells:

 Spells                   Type           Power      Damage    Failure   Level
 Sandblast                Erth           8%         2d5       13%         1
 Magic Dart               Conj           100%       1d8       1%          1
 Flame Wave               Conj/Fire      48%        2d10      6%          4
 Mephitic Cloud           Conj/Pois/Air  12%        N/A       16%         3
 Call Imp                 Summ           4%         N/A       19%         2
 Corpse Rot               Necr/Air       8%         N/A       19%         2
 Poisonous Vapours        Pois/Air       8%         N/A       19%         2
 Irradiate                Conj/Tmut      8%         3d16      67%         5
 Animate Dead             Necr           2%         N/A       77%         4
 Blade Hands              Tmut           2%         N/A       98%         5
 Borgnjor's Vile Clutch   Necr/Erth      2%         N/A       98%         5
 Death Channel            Necr           2%         N/A       100%        6
 Dragon Form              Tmut           2%         N/A       100%        7


Dungeon Overview and Level Annotations

Branches:
Dungeon (7/15)             Temple (1/1) D:5

Altars:
Cheibriados
Dithmenos
Elyvilon
Fedhas
Gozag
Hepliaklqana
Kikubaaqudgha
Makhleb
Nemelex Xobeh
Okawaru
Ru
Sif Muna
Uskayaw
Vehumet
Wu Jian
Xom
Yredelemnul
Zin
The Shining One

Shops:
D:3 (   D:5 *   D:7 *

Annotations:
D:6 3 runed translucent doors, Stick's ghost, amateur GnWn


Innate Abilities, Weirdness & Mutations

You have a beak for a mouth.
You have claws for feet.
Your magical nature lets you fly swiftly and evasively.


Message History

You peck the orc wizard, but do no damage.
The orc wizard is moderately wounded.
You barely miss the orc wizard. You claw the orc wizard.
You peck the orc wizard.
The orc wizard is severely wounded.
The orc wizard barely misses you.
You closely miss the orc wizard.
The orc wizard is severely wounded.
The orc wizard gestures wildly while chanting.
The orc wizard flickers and vanishes!
Deactivating autopickup; reactivate with Ctrl-A.
You miss something. Your kick misses something.
Something hits you but does no damage. Something hits you.
You hit something. You burn something. Something hits you.
You hit something. Vehumet accepts your kill.
Reactivating autopickup.
You feel a bit more experienced.
You hit the jelly. You burn the jelly. The acid corrodes you!
Your hands burn!
You peck the jelly, but do no damage.
The jelly is moderately wounded.
The jelly barely misses you.
You hit the jelly.
Your hands burn!
You punch the jelly, but do no damage.
The jelly is heavily wounded.
The jelly closely misses you.
You are too injured to fight recklessly!
You are too injured to fight recklessly!
You hit the jelly but do no damage. The acid corrodes you!
Your hands burn!
You claw the jelly, but do no damage.
The jelly is heavily wounded.
The jelly hits you.
You are splashed with acid!
* * * LOW HITPOINT WARNING * * *
The jelly hits you.
* * * LOW HITPOINT WARNING * * *
You are splashed with acid!
* * * LOW HITPOINT WARNING * * *
You are too injured to fight recklessly!
You are too injured to fight recklessly!
You hit the jelly.
Your hands burn!
You die...

. ...
#####.....
###.@Jo.....
###...##o.....
###......#
....#
###........##
....
............#
...
#..........##
..
#.....#.....#
.
#..........##
#...........#


You could see a jelly and 2 orcs.

Vanquished Creatures
  Pikel (D:4)
  Prince Ribbit (D:6)
  Sigmund (D:2)
  4 yaks
  A steam dragon (D:7)
  Menkaure (D:4)
  Edmund (D:4)
  An ice beast (D:6)
  A sky beast (D:5)
  A lemure (D:4)
  2 kobold brigands
  2 bullfrogs
  3 scorpions (D:6)
  5 wights (D:7)
  2 jellies (D:7)
  Crazy Yiuf (D:4)
  5 hounds
  3 iguanas
  An orc wizard (D:7)
  3 adders
  3 worms
  15 orcs
  2 ball pythons
  8 endoplasms
  4 giant cockroaches
  7 goblins
  10 hobgoblins
  A quokka (D:1)
  3 bats
  2 frilled lizards
  12 kobolds
  8 rats
115 creatures vanquished.

Vanquished Creatures (others)
  250 foxfires
250 creatures vanquished.

Grand Total: 365 creatures vanquished

Notes
Turn   | Place    | Note
-------+----------+-------------------------------------------
     0 | D:1      | kae the Tengu Fire Elementalist began the quest for the
                  | Orb.
     0 | D:1      | Reached XP level 1. HP: 10/10 MP: 4/4
   152 | D:1      | Reached XP level 2. HP: 13/16 MP: 1/6
   643 | D:1      | Reached XP level 3. HP: 15/20 MP: 7/7
   649 | D:1      | Learned a level 2 spell: Scorch
   653 | D:1      | Learned a level 3 spell: Conjure Flame
  1247 | D:2      | Noticed Sigmund
  1844 | D:2      | Killed Sigmund
  1845 | D:2      | Reached skill level 1 in Fighting
  1845 | D:2      | Reached skill level 1 in Armour
  1845 | D:2      | Reached skill level 4 in Fire Magic
  1845 | D:2      | Reached XP level 4. HP: 19/26 MP: 1/8
  1845 | D:2      | Gained mutation: Your magical nature lets you fly swiftly
                  | and evasively. [Tengu growth]
  1845 | D:2      | Reached XP level 5. HP: 22/30 MP: 1/9
  1934 | D:2      | Found a faded altar of an unknown god.
  1969 | D:2      | Learned a level 3 spell: Inner Flame
  2454 | D:3      | Reached XP level 6. HP: 35/35 MP: 10/10
  2707 | D:3      | Found Xyppec Usafy's Weapon Boutique.
  2994 | D:4      | Noticed Edmund
  3235 | D:4      | Noticed Menkaure
  3240 | D:4      | Killed Menkaure
  3241 | D:4      | Reached skill level 5 in Fire Magic
  3761 | D:4      | Reached XP level 7. HP: 40/40 MP: 8/12
  4114 | D:4      | Found a runed translucent door.
  4123 | D:4      | Noticed Crazy Yiuf
  4303 | D:4      | Noticed Pikel
  4548 | D:4      | Identified a scroll of acquirement
  4548 | D:4      | Acquired a staff of fire
  4601 | D:4      | Killed Edmund
  4847 | D:4      | Killed Pikel
  4848 | D:4      | Reached skill level 6 in Fire Magic
  4848 | D:4      | Reached skill level 1 in Evocations
  4848 | D:4      | Reached XP level 8. HP: 46/46 MP: 1/14
  5169 | D:4      | Killed Crazy Yiuf
  5314 | D:5      | Entered Level 5 of the Dungeon
  5314 | D:5      | Found Sinihiol's Lightly-Used Armoury.
  5880 | D:5      | Found a staircase to the Ecumenical Temple.
  5992 | Temple   | Entered the Ecumenical Temple
  6127 | Temple   | Became a worshipper of Vehumet
  6422 | D:6      | Reached skill level 7 in Fire Magic
  6611 | D:6      | Noticed a yak
  6616 | D:6      | Noticed a yak
  6617 | D:6      | Noticed a yak
  6625 | D:6      | Noticed a yak
  6634 | D:5      | Killed a yak
  6635 | D:5      | Reached skill level 5 in Conjurations
  6635 | D:5      | Reached XP level 9. HP: 15/52 MP: 0/16
  6920 | D:6      | Reached skill level 5 in Dodging
  7191 | D:6      | Found a runed translucent gate.
  7194 | D:6      | Found a runed translucent gate.
  7423 | D:6      | Found a runed translucent gate.
  7429 | D:6      | Noticed Stick's ghost (amateur GnWn)
  7555 | D:6      | Noticed Prince Ribbit
  7564 | D:6      | Killed Prince Ribbit
  7864 | D:6      | Reached skill level 8 in Fire Magic
  8552 | D:7      | Found Himoiveo's Assorted Antiques.
  8568 | D:7      | Bought a scroll of teleportation for 96 gold pieces
  8856 | D:7      | Reached skill level 5 in Armour
  9027 | D:7      | Reached * piety under Vehumet
  9027 | D:7      | Offered knowledge of Sandblast by Vehumet.
  9043 | D:7      | Splashed by a jelly's acid

Illustrated notes

Levels and vault maps discovered:
D:1:      spicycebolla_arrival_teleporter_tutorial, layout_rooms,
          minmay_pentomino_v4
D:2:      layout_rooms, basic_ecumenical_altar, corexii_hall_statues_s,
          uniq_sigmund
D:3:      layout_rooms, serial_shops, nicolae_shop_behind_doors
D:4:      layout_loops_corners, uniq_crazy_yiuf_cottage, uniq_pikel,
          uniq_menkaure, uniq_edmund
D:5:      layout_rooms, temple_statues, grunt_ministairs_12, minmay_shop_damaged
D:6:      layout_layer_cave, gammafunk_ghost_necromancy, uniq_prince_ribbit1
D:7:      minmay_skewed_foursquare, layout_loops_cross, serial_shops,
          nicolae_shop_crystal, nicolae_shop_overcharged_wands
Temple:   nicolae_temple_the_god_donut

Skill      XL: |  1  2  3  4  5  6  7  8  9 |
---------------+----------------------------+-----
Conjurations   | 2 3 4 5 6 |  6.2
Fighting       | 1 2 3 4 |  4.6
Armour         | 1 2 3 4 5 |  5.0
Dodging        | 3 4 5 |  5.7
Fire Magic     | 4 5 6 7 8 |  8.4
Spellcasting   | 3 4 |  4.7
Evocations     | 1 2 3 |  3.7
Stealth        | |  2.0

Action                   |  1- 3 |  4- 6 |  7- 9 || total
-------------------------+-------+-------+-------++-------
Melee: Dagger            |    38 |    24 |     1 ||    63
       Kick              |     8 |     3 |    18 ||    29
       Peck              |     3 |     2 |    12 ||    17
       Staff             |       |       |    52 ||    52
       Punch             |       |       |     2 ||     2
 Cast: Foxfire           |    26 |    30 |    91 ||   147
       Scorch            |     6 |     4 |    46 ||    56
       Conjure Flame     |       |     2 |     7 ||     9
  Use: Scroll            |       |    14 |     3 ||    17
       Potion            |       |       |     2 ||     2
 Stab: Sleeping          |     2 |     1 |     1 ||     4
       Distracted        |       |     2 |       ||     2
Armor: Robe              |     8 |     4 |    12 ||    24
       Steam dragon scal |       |       |     2 ||     2
Dodge: Dodged            |    23 |    20 |   102 ||   145

Table legend: (Time is in decaauts)
 A = Elapsed time spent in this place.
 B = Non-inter-level travel time spent in this place.
 C = Inter-level travel time spent in this place.
 D = Time resting spent in this place.
 E = Time spent auto-exploring this place.
 F = Levels seen in this place.
 G = Mean time per level.
                   A        B        C        D        E       F      G
               +--------+--------+--------+--------+--------+-----+--------+
         Total |   8642 |   8280 |    362 |   1550 |   5468 |   8 | 1080.2 |
       Dungeon |   8508 |   8175 |    333 |   1550 |   5377 |   7 | 1215.4 |
        Temple |    134 |    106 |     28 |      0 |     90 |   1 |  134.0 |
               +--------+--------+--------+--------+--------+-----+--------+

Top non-repeatable levels by time:
     D:4: 2118 daAuts
     D:6: 1638 daAuts
     D:1: 1570 daAuts
     D:5: 1097 daAuts
     D:2: 836 daAuts
     D:7: 664 daAuts
     D:3: 581 daAuts
  Temple: 134 daAuts
